 Dungeon Crawl Stone Soup version 0.29.1-4-g47bece8355 (webtiles) character file.

Game seed: 2704237639781759599

109 Mitcholas the Magician (level 5, 40/40 HPs)
             Began as a Djinni Conjurer on Dec 8, 2022.
             Quit the game on level 3 of the Dungeon on Dec 9, 2022.
             The game lasted 00:10:39 (3769 turns).

Mitcholas the Magician (Djinni Conjurer)            Turns: 3769, Time: 00:10:39

Health: 40/40      AC:  2    Str:  6    XL:     5   Next: 13%
Gold:   135        EV: 12    Int: 22    God:
                   SH:  0    Dex: 11

rFire   + + .      SeeInvis .   (no weapon)
rCold   x . .      Faith    .   (no shield)
rNeg    . . .      Spirit   .   a - +0 robe
rPois   ∞          Reflect  .   (no helmet)
rElec   .          Harm     .   (no cloak)
rCorr   .          Rampage  .   (no gloves)
Will    .....                   (boots unavailable)
Stlth   ++........              (no amulet)
HPRegen 0.13/turn               (no ring)
MPRegen 0.00/turn               (no ring)

@: flying
A: sickness immunity, fire resistance 2, cold vulnerability 1, float, innate
caster, HP casting, extra vitality 1
a: no special abilities


You were on level 3 of the Dungeon.
You visited 1 branch of the dungeon, and saw 3 of its levels.

You collected 135 gold pieces.

Inventory:

Armour
 a - a +0 robe (worn)
 k - a +0 ring mail
Wands
 n - a wand of polymorph (3)
Scrolls
 b - a scroll of enchant weapon {unknown}
 c - a scroll of noise {unknown}
 d - 3 scrolls of poison {unknown}
 e - 3 scrolls of identify {unknown}
 g - a scroll of magic mapping {unknown}
Potions
 f - a potion of haste {unknown}
 h - a potion of magic {unknown}
 i - 2 potions of heal wounds {unknown}
 j - 2 potions of brilliance {unknown}
 l - a potion of attraction {unknown}
 m - 2 potions of berserk rage {unknown}


   Skills:
 * Level 2.9 Fighting
 - Level 2.1 Dodging
 - Level 1.5 Stealth
 * Level 4.1 Spellcasting


You couldn't memorise any spells.
You knew the following spells:

 Your Spells              Type           Power      Damage    Failure   Level
a - Magic Dart            Conj           88%        1d7       1%          1
b - Searing Ray           Conj           44%        2d6       3%          2
c - Dazzling Flash        Conj/Hex       44%        N/A       6%          3
d - Fulminant Prism       Conj/Hex       11%        3d9       21%         4
e - Iskenderun's Mystic   Conj/Tloc      22%        2d6       21%         4
f - Beastly Appendage     Tmut           44%        N/A       1%          1
g - Blink                 Tloc           44%        N/A       3%          2
Your spell library was empty.

Dungeon Overview and Level Annotations

Branches:
Dungeon (3/15)

Altars:

Shops:
D:3 =


Innate Abilities, Weirdness & Mutations

You are immune to sickness and miasma.
You are immune to poison.
Your flesh is very heat resistant. (rF++)
You are vulnerable to cold. (rC-)
You float through the air rather than walking.
You learn spells naturally, not from books.
Your magical power is your life essence.
You have superior vitality. (+4 MHP)


Message History

Aiming: Magic Dart (safe; 1% risk of failure)
Press: ? - help, Q - select action, (/) - cycle Shift-Dir - straight line, f - rat
Aim: a rat (asleep, 100% to hit)
The magic dart hits the rat.
You kill the rat!
You see here a +0 hand axe.
You reach down and open the door.
There is an open door here.
There is an open door here.
You see here an adder skeleton.
There is an open door here.
There is an open door here.
There is an open door here.
There is a fountain of clear blue water here.
As you open the door, it creaks loudly!
There is an open door here.
There is a fountain of clear blue water here.
There is an open door here.
There is a shaft here.
Found an escape hatch in the ceiling.
i - 2 fuming coppery potions (gained 1) Partly explored, can't reach some places.
Partly explored, can't reach some places.
Partly explored, can't reach some places.
There is a shaft here.
There is an open door here.
Partly explored, can't reach some places.
You hit the plant.
The plant begins to die.
The plant is lightly damaged.
You hit the plant.
The plant is lightly damaged.
You hit the plant.
The plant is lightly damaged.
You completely miss the plant.
The plant is lightly damaged.
A nearby plant withers and dies.
Done exploring.
Welcome back, Mitcholas the Djinni Conjurer.
Press ? for a list of commands and other information.
Are you sure you want to abandon this character and quit the game? (Confirm with "yes".)

###############
#.............#
#.###.#####.#.# ###.# #.#
#.#.# ## ###...# #.### #.#.#
#. #....######.# #.#.#####.
#########'##♣@~##.###......>..
#....†.#♣~~♣#♣♣~'..##..#######
#.######~♣♣~♣#♣~#..##..# #.#
#~♣#♣~♣~♣##.....# #.#
#♣#♣~~~♣#♣####.## #.#
###♣~♣~♣#♣~####.# #.#
##.#~♣#♣~♣♣~#....# #.#
#..'~♣♣#♣~~####### #.#
#..##~P♣##'### #


There were no monsters in sight!

Vanquished Creatures
  4 adders
  3 dart slugs
  6 bats
  6 endoplasms
  3 giant cockroaches
  10 goblins
  8 hobgoblins
  6 kobolds
  2 quokkas
  6 ball pythons
  3 frilled lizards
  7 rats
64 creatures vanquished.

Vanquished Creatures (others)
  A plant (D:3)
1 creature vanquished.

Grand Total: 65 creatures vanquished

Notes
Turn   | Place    | Note
-------+----------+-------------------------------------------
     0 | D:1      | Mitcholas the Djinni Conjurer began the quest for the Orb.
     0 | D:1      | Mitcholas set off with the following spells memorised:
                  | Magic Dart, Searing Ray, Dazzling Flash, Fulminant Prism,
                  | Iskenderun's Mystic Blast.
     0 | D:1      | Reached XP level 1. HP: 15/15 MP: 0/0
   213 | D:1      | Reached XP level 2. HP: 17/22 MP: 0/0
   308 | D:1      | Reached skill level 1 in Fighting
   703 | D:1      | Reached XP level 3. HP: 26/27 MP: 0/0
   703 | D:1      | Learned a level 1 spell: Beastly Appendage
  1222 | D:1      | Found a faded altar of an unknown god.
  1922 | D:2      | Reached XP level 4. HP: 30/33 MP: 0/0
  2761 | D:3      | Identified the +10 spear "Alenacs" {pain, *Slow MP+9 Str+5
                  | Dex+3}
  2789 | D:3      | Found Jaf Enoj's Jewellery Shoppe.
  2929 | D:3      | Reached skill level 4 in Spellcasting
  3206 | D:3      | Reached XP level 5. HP: 19/40 MP: 0/0
  3206 | D:3      | Learned a level 2 spell: Blink
  3769 | D:3      | Quit the game

Illustrated notes

Levels and vault maps discovered:
D:1:      dpeg_arrival_line_fractal, layout_basic, ebering_ecumenical_altar_box
D:2:      layout_loops_ring
D:3:      layout_loops_ring, serial_shops, shop, serial_park_tiny_pond,
          minmay_fountain_box, saegor_snake_ambush

Skill      XL: |  1  2  3  4 |
---------------+-------------+-----
Fighting       | 1 2 |  2.9
Spellcasting   | 4 |  4.1
Dodging        | |  2.1
Stealth        | |  1.5

Action                   |  1- 3 |  4- 6 || total
-------------------------+-------+-------++-------
Melee: Unarmed           |       |     4 ||     4
 Cast: Magic Dart        |    76 |    48 ||   124
       Searing Ray       |       |     4 ||     4
Armor: Robe              |     1 |       ||     1
Dodge: Dodged            |     1 |     9 ||    10
